 Dungeon Crawl Stone Soup version 0.30.1-4-g462c640d31 (webtiles) character file.

Game seed: 14094967043218793562

145432 Sensen the Slayer (level 17, -13/249 HPs)
             Began as an Ogre Gladiator on Sept 9, 2023.
             Was the Champion of Jiyva.
             Mangled by a +3 glaive of pain (34 damage)
             ... on level 2 of the Elven Halls.
             The game lasted 01:25:44 (22815 turns).

Sensen the Slayer (Ogre Gladiator)                 Turns: 22815, Time: 01:25:45

Health: -13/249    AC: 11    Str: 35    XL:     17   Next: 12%
Magic:  14/14      EV: 17    Int: 11    God:    Jiyva [******]
Gold:   956        SH: 12    Dex: 15    Spells: 24/24 levels left

rFire   + + .        K - +1 morningstar (heavy)
rCold   . . .        m - +0 kite shield
rNeg    . . .        J - +0 swamp dragon scales
rPois   +            s - +1 hat "Naennoxaak" {Rampage Drain Will+ Dex+3}
rElec   .            T - +2 cloak {rF+}
rCorr   +            (gloves unavailable)
SInv    .            (boots unavailable)
Will    ++++.        t - amulet of reflection
Stlth   ++           P - ring "Saett" {rF+ Will+ MP-9 Str+3 Int+3}
HPRegen 3.01/turn    H - ring of Xom's Capriciousness {EV+5 Dex+3}
MPRegen 0.64/turn

%: reflection, rampage
@: calling ooze
A: large, unfitting armour, tough skin 1, hooves 3, strong-willed 1, mutation
resistance 1, regeneration 1, robust 2, strong 1, acidic bite, eyeballs 2,
pseudopods 2, translucent skin 2, tendrils, engulf
}: 1/15 runes: slimy
a: Renounce Religion, Oozemancy, Slimify


You were on level 2 of the Elven Halls.
You worshipped Jiyva.
Jiyva was exalted by your worship.
You visited 5 branches of the dungeon, and saw 29 of its levels.
You also visited: Sewer, Ossuary, Ice Cave and Volcano.

You collected 1672 gold pieces.
You spent 716 gold pieces at shops.

Inventory:

Hand Weapons
 K - a +1 heavy morningstar (weapon)
 O - a +0 giant spiked club
 S - a +4 dire flail of holy wrath
Missiles
 d - 5 throwing nets
 e - 21 large rocks
 h - 7 poisoned darts
 y - 15 boomerangs (quivered)
Armour
 m - a +0 kite shield (worn)
 s - the +1 hat "Naennoxaak" (worn) {Rampage Drain Will+ Dex+3}
   (You found it on level 1 of the Orcish Mines)

   Dex:       It affects your dexterity (+3).
   Drain:     It drains your maximum health when unequipped.
   Rampage:   It bestows one free step when moving towards enemies.
   Will:      It increases your willpower.
 J - +0 swamp dragon scales (worn)
 T - a +2 cloak of fire resistance (worn)
 W - a +2 robe of cold resistance
 Y - the +7 ice dragon scales of Mysticism {-Tele rF- rC++ Dex+7}
   (You found it in an ice cave)

   Dex:       It affects your dexterity (+7).
   rF:        It makes you vulnerable to fire.
   rC:        It greatly protects you from cold.
   -Tele:     It prevents most forms of teleportation.
Jewellery
 f - a ring of the Octopus King {rCorr HP+2 AC+2 EV+2 SH+2}
   (You found it on level 5 of the Pits of Slime)

   [ring of resist corrosion]

   AC:        It affects your AC (+2).
   EV:        It affects your evasion (+2).
   HP:        It affects your health (+2).
   rCorr:     It protects you from acid and corrosion.
   SH:        It affects your SH (+2).
 t - an amulet of reflection (around neck)
 E - an amulet of regeneration
 H - the ring of Xom's Capriciousness (right hand) {EV+5 Dex+3}
   (You found it on level 5 of the Lair of Beasts)

   [ring of evasion]

   EV:        It affects your evasion (+5).
   Dex:       It affects your dexterity (+3).
 M - a ring of ice
 P - the ring "Saett" (left hand) {rF+ Will+ MP-9 Str+3 Int+3}
   (You took it off a vampire on level 9 of the Dungeon)

   [ring of willpower]

   Str:       It affects your strength (+3).
   Int:       It affects your intelligence (+3).
   rF:        It protects you from fire.
   MP:        It affects your magic capacity (-9).
   Will:      It increases your willpower.
 Q - a ring of poison resistance
 X - a +4 ring of protection
Wands
 a - a wand of acid (6)
 F - a wand of flame (29)
 G - a wand of iceblast (13)
 I - a wand of paralysis (14)
Scrolls
 c - 2 scrolls of immolation
 g - 3 scrolls of vulnerability
 j - 3 scrolls of enchant armour
 l - 4 scrolls of poison
 o - a scroll of torment
 p - 3 scrolls of silence
 r - a scroll of magic mapping
 w - 5 scrolls of fog
 B - 4 scrolls of enchant weapon
 D - 2 scrolls of fear
 L - 4 scrolls of amnesia
 R - 3 scrolls of teleportation
Potions
 b - 2 potions of might
 i - a potion of attraction
 k - 2 potions of flight
 q - a potion of magic
 u - 3 potions of lignification
 v - 4 potions of resistance
 x - 4 potions of brilliance
 z - 4 potions of ambrosia {unknown}
 A - a potion of cancellation
 C - 2 potions of haste
 N - 6 potions of curing
 U - a potion of invisibility
 V - 2 potions of heal wounds


   Skills:
 - Level 22.0 Fighting
 - Level 16.0 Maces & Flails
 - Level 12.0 Throwing
 + Level 8.7 Armour
 + Level 8.9 Dodging
 - Level 4.0 Spellcasting
 - Level 3.0 Evocations


You had 24 spell levels left.
You didn't know any spells.
Your spell library contained the following spells:

 Spells                   Type           Power      Damage    Failure   Level
 Kiss of Death            Conj/Necr      8%         2d6       50%         1
 Magic Dart               Conj           8%         1d3       50%         1
 Shock                    Conj/Air       8%         1d3       50%         1
 Call Imp                 Summ           4%         N/A       65%         2
 Inner Flame              Hex/Fire       2%         N/A       86%         3
 Mephitic Cloud           Conj/Pois/Air  2%         N/A       86%         3
 Stone Arrow              Conj/Erth      4%         3d7       86%         3
 Volatile Blastmotes      Fire/Tloc      4%         2d10      86%         3
 Anguish                  Hex/Necr       1%         N/A       99%         4
 Animate Armour           Summ/Erth      4%         N/A       99%         4
 Death Channel            Necr           1%         N/A       100%        6
 Plasma Beam              Fire/Air       1%         2x1d12    100%        6
 Starburst                Conj/Fire      1%         6d3       100%        6
 Discord                  Hex            1%         N/A       100%        8
 Lehudib's Crystal Spear  Conj/Erth      1%         10d2      100%        8
 Summon Horrible Things   Summ           1%         N/A       100%        8


Dungeon Overview and Level Annotations

Branches:
Dungeon (15/15)            Temple (0/1) D:4            Lair (5/5) D:10
 Shoals (0/4) Lair:3       Spider (0/4) Lair:3        Slime (5/5) Lair:5
    Orc (2/2) D:9             Elf (2/3) Orc:2        Vaults (0/5) D:14
 Depths (0/4) D:15          Sewer (visited)         Ossuary (visited)
  IceCv (visited)         Volcano (visited)

Altars:
Ashenzari
Dithmenos
Gozag
Kikubaaqudgha
Makhleb
Nemelex Xobeh
Qazlal
Sif Muna
Trog
Vehumet
Wu Jian
Xom
Yredelemnul
The Shining One
Jiyva

Shops:
D:4 (   D:6 **(?   D:13 !*[   D:14 (   D:15 [   Orc:2 ![?:   Elf:1 **(

Annotations:
D:14 1 runed translucent door
Lair:3 2 transporters, LaMa's ghost, journeyman DrTm
Slime:5 Royal Jelly


Innate Abilities, Weirdness & Mutations

You are too large for most types of armour.
You have tough skin. (AC +1)
You have hooves in place of feet.
You are strong-willed. (Will+)
You are somewhat resistant to further mutation.
Your natural rate of healing is unusually fast.
You are very robust. (+20% HP)
Your muscles are strong. (Str +4, Int/Dex -1)
You have acidic saliva.
Your body has grown many eyes which may confuse attackers. (Acc +5)
Armour fits poorly on your large pseudopods.
Your translucent skin reduces your foes' accuracy. (Stealth+)
You are covered in slimy tendrils that may disarm your opponents.
Your melee attacks may engulf your foes in ooze.


Message History

You hear a slurping noise.
The jelly splits in two!
The +3 glaive of pain hits you.
You hear a distant slurping noise.
You hear a squelching noise.
Unknown command.
You hit the +3 glaive of pain but do no damage.
You kick the +3 glaive of pain.
The +3 glaive of pain is lightly damaged.
The +3 glaive of pain hits you!!
* * * LOW HITPOINT WARNING * * *
You hear a slurping noise.
The jelly closely misses the deep elf knight.
The jelly completely misses the deep elf knight.
The +3 glaive of pain hits you!!
* * * LOW HITPOINT WARNING * * *
Blink to where?
Press: ? - help, Dir - move target
As you read the scroll of blinking, it crumbles to dust.
The deep elf knight points at you and mumbles some strange words.
The shard of ice misses you.
You hear a slurping noise.
Activating: Oozemancy (0% risk of failure)
Press: ? - help, Dir - look around, f - activate Slime begins to ooze from the nearby walls!
Unknown command.
Okay, then.
Okay, then.
The wall burns the deep elf knight!
The walls burn the deep elf knight!
You hear a distant slurping noise.
Unknown command.
You closely miss the deep elf knight. Your kick misses the deep elf knight.
The deep elf knight is lightly wounded.
The wall burns the deep elf knight!
The deep elf knight points at you and mumbles some strange words.
The shard of ice hits you!!
* * * LOW HITPOINT WARNING * * *
The wall burns the +3 glaive of pain!
The wall burns the deep elf knight!
You block the deep elf knight's attack.
The walls burn the +3 glaive of pain!
The +3 glaive of pain hits you from afar!!
You die...

# ##.....## # .
###.......### #. #
..##...........##.. #
................... #
................... #
................... #
.........#(........ #
#.........###e....... #
##.........###@.......
#
#...........#.........
#
.......(..............
# ..........J..........
...................
##...#.............#..
##...###.J...J.....###.
##...## ##.........## #
#...###.J........


You could see a deep elf knight (fast), a +3 glaive of pain and 3 neutral
jellies (fellow slime).

Vanquished Creatures
  Saint Roka (Elf:2)
  A deep elf blademaster (Elf:2)
  Agnes (D:14)
  2 deep elf sorcerers
  The ghost of Almogavar the Protected, a journeyman GnWn of Okawaru (D:12)
  The ghost of tykejmi the Executioner, a journeyman MiBe of Trog (Elf:1)
  A deep elf demonologist (Elf:1)
  A dire elephant (D:15)
  A fire dragon (D:15)
  A hydra (Lair:5)
  2 vault guards (D:14)
  4 ogre magi
  4 centaur warriors
  10 two-headed ogres
  A catoblepas (D:9)
  2 boulder beetles
  Erica (Lair:1)
  2 merfolk aquamancers (D:13)
  A tengu warrior (D:13)
  16 dancing weapons
  8 death yaks (D:10)
  An orc high priest (D:9)
  6 deep elf knights
  2 skysharks (Lair:5)
  A fire crab (Volcano)
  Nergalle (Orc:2)
  3 skeletal warriors (D:13)
  2 goliath frogs (Lair:5)
  22 deep elf pyromancers
  5 deep elf archers
  A harpy (Lair:3)
  An oklob plant (Lair:3)
  3 wizards
  Pikel (D:5)
  13 deep elf zephyrmancers
  8 orc sorcerers (Orc:2)
  A lindwurm (Volcano)
  16 ugly things (D:14)
  3 cyclopes
  3 manticores
  A wolf spider (D:10)
  22 elephants
  An ice statue (IceCv)
  2 black mambas (Lair:1)
  A torpor snail (Lair:1)
  2 gargoyles
  2 unseen horrors (D:13)
  19 cane toads
  Maggie (D:7)
  2 water nymphs (D:13)
  5 komodo dragons
  2 efreet
  5 rime drakes
  2 freezing wraiths
  A tengu conjurer (D:13)
  A troll (shapeshifter) (D:13)
  A meliai (D:10)
  19 blink frogs
  10 trolls
  2 tyrant leeches (Lair:5)
  2 polar bears
  A dream sheep (shapeshifter) (D:10)
  4 dream sheep (Lair:5)
  A shadow (D:10)
  A centaur simulacrum (D:14)
  2 vampires
  2 wyverns
  4 water elementals
  2 fire elementals (Elf:1)
  A hog (shapeshifter) (Elf:2)
  4 basilisks
  6 fire bats (Volcano)
  9 humans (D:14)
  52 yaks
  3 redbacks (Lair:3)
  15 vampire mosquitoes
  A steam dragon (D:6)
  Menkaure (D:7)
  5 wargs
  7 water moccasins
  3 acid dragons
  3 hell hounds (Volcano)
  16 orc warriors
  A black bear (D:8)
  3 great orb of eyes simulacra (IceCv)
  10 ogres
  8 centaurs
  9 wolves
  A slime creature simulacrum (IceCv)
  2 gnoll sergeants
  15 bullfrogs
  2 earth elementals (Elf:1)
  5 scorpions
  2 glowing shapeshifter simulacra (IceCv)
  4 wights (D:9)
  24 killer bees
  A howler monkey (D:10)
  A crimson imp (Orc:1)
  A centaur zombie (Ossuary)
  4 hounds
  2 human zombies (Ossuary)
  9 orc priests
  A scorpion zombie (Ossuary)
  3 iguanas (D:5)
  31 orc wizards
  2 shapeshifter simulacra (IceCv)
  A boggart simulacrum (D:14)
  2 mummies (Ossuary)
  9 gnolls
  7 adders
  2 shadow imps
  A white imp (Orc:1)
  3 ufetubi
  3 worms
  64 orcs
  5 bats
  2 giant cockroaches
  4 goblins
  3 hobgoblins
  4 jackals
  8 quokkas
  A ball python (D:2)
  A frilled lizard (D:3)
  2 gnoll zombies (Ossuary)
  2 goblin zombies (Ossuary)
  8 kobolds
  A kobold zombie (Ossuary)
  6 rats
681 creatures vanquished.

Vanquished Creatures (others)
  A deep elf knight (Elf:2)
  A wizard (D:14)
  A deep elf pyromancer (Elf:1)
  A wolf spider (D:15)
  A cyclops (D:13)
  8 slime creatures
  A slime creature (shapeshifter) (D:14)
  A shadow (D:11)
  A water elemental (Elf:1)
  A human (D:14)
  A steam dragon (D:7)
  A water moccasin (Lair:4)
  A swamp drake (Orc:1)
  An ogre (Orc:2)
  A great orb of eyes simulacrum (IceCv)
  3 centaurs
  A slime creature simulacrum (IceCv)
  2 kobold brigands
  4 bullfrogs
  3 glowing shapeshifter simulacra (IceCv)
  A scorpion (Ossuary)
  A killer bee (D:10)
  A centaur zombie (Ossuary)
  An iron imp (Orc:1)
  73 jellies
  A gnoll bouda (D:10)
  An orc priest (Orc:1)
  A human zombie (Ossuary)
  8 orc wizards
  2 shapeshifter simulacra (IceCv)
  A mummy (Ossuary)
  2 gnolls (D:10)
  2 adders
  A dart slug (D:2)
  9 orcs
  2 bats
  2 endoplasms (D:2)
  3 hobgoblins
  A quokka (D:2)
  A frilled lizard (D:3)
  A goblin zombie (Ossuary)
  4 kobolds
154 creatures vanquished.

Grand Total: 835 creatures vanquished

Notes
Turn   | Place    | Note
-------+----------+-------------------------------------------
     0 | D:1      | Sensen the Ogre Gladiator began the quest for the Orb.
     0 | D:1      | Reached XP level 1. HP: 22/22 MP: 1/1
   102 | D:1      | Found a faded altar of an unknown god.
   106 | D:1      | Prayed at the altar of an unknown god.
   106 | D:1      | Became a worshipper of Jiyva Jylaenlo the Shapeless
   106 | D:1      | Reached * piety under Jiyva
   222 | D:1      | Reached XP level 2. HP: 29/29 MP: 2/2
   236 | D:1      | Reached skill level 3 in Fighting
   723 | D:2      | Reached XP level 3. HP: 37/37 MP: 3/3
   969 | D:2      | Reached ** piety under Jiyva
  1874 | D:3      | Identified the +0 dagger of Defence by Offence {flame,
                  | *Corrode rPois rC+ SInv}
  1887 | D:3      | Reached skill level 4 in Fighting
  1937 | D:3      | Found an ancient bone altar of Kikubaaqudgha.
  1981 | D:3      | Reached XP level 4. HP: 48/48 MP: 4/4
  2014 | D:3      | Reached *** piety under Jiyva
  2034 | D:3      | Found an ornate altar of the Wu Jian Council.
  2066 | D:3      | Gained mutation: Your muscles are strong. (Str +4, Int/Dex
                  | -1) [Jiyva's grace]
  2066 | D:3      | Gained mutation: Your muscles are very strong. (Str +8,
                  | Int/Dex -2) [Jiyva's grace]
  2066 | D:3      | Gained mutation: You expend magic power (3 MP) to
                  | strengthen your wands. [Jiyva's grace]
  2066 | D:3      | Gained mutation: You are covered in slimy tendrils that may
                  | disarm your opponents. [Jiyva's grace]
  2358 | D:4      | Found a sand-covered staircase.
  2368 | Ossuary  | Entered an ossuary
  2374 | Ossuary  | Noticed a scorpion
  2386 | Ossuary  | Killed a scorpion
  2387 | Ossuary  | Reached skill level 5 in Fighting
  2387 | Ossuary  | Reached XP level 5. HP: 57/57 MP: 5/5
  2426 | Ossuary  | Reached skill level 6 in Fighting
  2515 | Ossuary  | Reached skill level 7 in Fighting
  2515 | Ossuary  | Reached XP level 6. HP: 50/71 MP: 6/6
  2593 | Ossuary  | Reached skill level 8 in Fighting
  2604 | Ossuary  | Reached XP level 7. HP: 74/81 MP: 7/7
  3139 | D:4      | Reached **** piety under Jiyva
  3204 | D:4      | Found Qupol's Weapon Emporium.
  3258 | D:4      | Found a staircase to the Ecumenical Temple.
  3429 | D:5      | Entered Level 5 of the Dungeon
  3458 | D:5      | Reached skill level 9 in Fighting
  3690 | D:5      | Noticed Pikel
  3704 | D:5      | Killed Pikel
  3705 | D:5      | Reached skill level 10 in Fighting
  3705 | D:5      | Reached XP level 8. HP: 82/93 MP: 5/8
  3833 | D:5      | Found a shadowy altar of Dithmenos.
  4080 | D:5      | Found a glowing drain.
  4104 | Sewer    | Entered a sewer
  4279 | Sewer    | HP: 4/93 [poisoned by a water moccasin]
  4284 | Sewer    | HP: 4/93 [poisoned by a water moccasin]
  4289 | Sewer    | HP: 4/93 [poisoned by a water moccasin]
  4599 | D:6      | Found Yzoopaiwo's Assorted Antiques.
  4720 | D:6      | Reached skill level 5 in Maces & Flails
  4720 | D:6      | Reached skill level 5 in Throwing
  4784 | D:6      | Found Tiufasagg's Magic Scroll Boutique.
  4812 | D:6      | Found Vapuv's Weapon Boutique.
  4904 | D:6      | Found a shimmering blue altar of Sif Muna.
  4964 | D:6      | Found Firogin's Assorted Antiques.
  5015 | D:6      | Found a stormy altar of Qazlal.
  5336 | D:7      | Gained mutation: You are somewhat resistant to further
                  | mutation. [Jiyva's grace]
  5336 | D:7      | Gained mutation: You are somewhat resistant to both further
                  | mutation and mutation removal. [Jiyva's grace]
  5336 | D:7      | Gained mutation: You are almost entirely resistant to
                  | further mutation and mutation removal. [Jiyva's grace]
  5336 | D:7      | Gained mutation: You are strong-willed. (Will+) [Jiyva's
                  | grace]
  5462 | D:7      | Noticed Maggie
  5468 | D:7      | Paralysed by Maggie for 5 turns
  5475 | D:7      | Killed Maggie
  5476 | D:7      | Reached XP level 9. HP: 75/101 MP: 6/9
  5504 | D:7      | Noticed Menkaure
  5517 | D:7      | Killed Menkaure
  5557 | D:7      | Reached skill level 1 in Armour
  5650 | D:7      | Found a burning altar of Makhleb.
  5685 | D:7      | Reached skill level 1 in Evocations
  5915 | D:8      | Reached skill level 11 in Fighting
  6034 | D:8      | Reached XP level 10. HP: 111/114 MP: 10/10
  6264 | D:8      | Noticed a two-headed ogre
  6272 | D:8      | Killed a two-headed ogre
  6765 | D:9      | Identified the ring "Saett" {rF+ Will+ MP-9 Str+3 Int+3}
  6768 | D:9      | Noticed a catoblepas
  6771 | D:9      | Reached skill level 12 in Fighting
  6777 | D:9      | HP: 5/115 [freezing wraith (6)]
  6786 | D:9      | Reached skill level 5 in Armour
  6855 | D:9      | Found a staircase to the Orcish Mines.
  6857 | D:9      | Noticed a two-headed ogre
  6863 | D:9      | Killed a two-headed ogre
  7119 | D:9      | Reached skill level 5 in Dodging
  7381 | D:9      | Reached XP level 11. HP: 97/123 MP: 2/11
  7558 | D:9      | Killed a catoblepas
  7684 | D:10     | Entered Level 10 of the Dungeon
  7853 | D:10     | Lost mutation: You are almost entirely resistant to further
                  | mutation and mutation removal. [Jiyva's grace]
  7853 | D:10     | Lost mutation: Your muscles are very strong. (Str +8,
                  | Int/Dex -2) [Jiyva's grace]
  7853 | D:10     | Lost mutation: You are covered in slimy tendrils that may
                  | disarm your opponents. [Jiyva's grace]
  7853 | D:10     | Lost mutation: You expend magic power (3 MP) to strengthen
                  | your wands. [Jiyva's grace]
  7853 | D:10     | Gained mutation: You are partially covered in iridescent
                  | scales. (AC +2) [Jiyva's grace]
  7853 | D:10     | Gained mutation: You are mostly covered in iridescent
                  | scales. (AC +4) [Jiyva's grace]
  7853 | D:10     | Gained mutation: You are completely covered in iridescent
                  | scales. (AC +6) [Jiyva's grace]
  7853 | D:10     | Gained mutation: You expend magic power (3 MP) to
                  | strengthen your wands. [Jiyva's grace]
  7893 | D:10     | Noticed a death yak
  7893 | D:10     | Noticed a death yak
  7915 | D:10     | Killed a death yak
  7920 | D:10     | Killed a death yak
  7934 | D:10     | Found a staircase to the Lair.
  7936 | D:10     | Noticed a death yak
  7936 | D:10     | Noticed a death yak
  7936 | D:10     | Noticed a death yak
  7937 | D:10     | Noticed a death yak
  7937 | D:10     | Noticed a death yak
  7938 | D:10     | Noticed a death yak
  7964 | D:10     | Killed a death yak
  7964 | D:10     | Killed a death yak
  7964 | D:10     | Killed a death yak
  7966 | D:10     | Killed a death yak
  7967 | D:10     | Killed a death yak
  7970 | D:10     | Killed a death yak
  7985 | D:10     | Reached XP level 12. HP: 132/132 MP: 9/18
  8030 | D:10     | Reached skill level 10 in Maces & Flails
  8094 | D:10     | Noticed a centaur warrior
  8107 | D:10     | Killed a centaur warrior
  8202 | D:10     | Found a sparkling altar of Nemelex Xobeh.
  8203 | D:10     | Found an opulent altar of Gozag.
  8336 | D:10     | Found a basalt altar of Yredelemnul.
  8336 | D:10     | Found a shimmering altar of Xom.
  8799 | D:11     | Reached ***** piety under Jiyva
  9308 | Lair:1   | Entered Level 1 of the Lair of Beasts
  9395 | Lair:1   | Found a dark tunnel.
  9468 | Volcano  | Entered a volcano
  9516 | Volcano  | Reached skill level 13 in Fighting
  9613 | Volcano  | Reached skill level 14 in Fighting
  9665 | Lair:1   | Reached XP level 13. HP: 116/148 MP: 10/19
  9670 | Lair:1   | Reached skill level 15 in Fighting
  9712 | Lair:1   | Noticed Erica
  9775 | Lair:1   | Killed Erica
 10150 | Lair:2   | Reached skill level 16 in Fighting
 10167 | Lair:2   | Lost mutation: You are strong-willed. (Will+) [Jiyva's
                  | grace]
 10167 | Lair:2   | Lost mutation: You are somewhat resistant to both further
                  | mutation and mutation removal. [Jiyva's grace]
 10167 | Lair:2   | Lost mutation: Your muscles are strong. (Str +4, Int/Dex
                  | -1) [Jiyva's grace]
 10167 | Lair:2   | Lost mutation: You expend magic power (3 MP) to strengthen
                  | your wands. [Jiyva's grace]
 10167 | Lair:2   | Gained mutation: You have a somewhat thin skeletal
                  | structure. (Dex +2, Stealth+) [Jiyva's grace]
 10167 | Lair:2   | Gained mutation: You have a moderately thin skeletal
                  | structure. (Dex +4, Stealth++) [Jiyva's grace]
 10167 | Lair:2   | Gained mutation: You have an unnaturally thin skeletal
                  | structure. (Dex +6, Stealth+++) [Jiyva's grace]
 10167 | Lair:2   | Gained mutation: You passively dampen the noise of your
                  | surroundings. [Jiyva's grace]
 10195 | Lair:2   | Found a frozen archway.
 10213 | IceCv    | Entered an ice cave
 10440 | IceCv    | Noticed an azure jelly
 10462 | IceCv    | Noticed a quicksilver ooze
 10463 | IceCv    | Found a viscous altar of Jiyva.
 10477 | IceCv    | Identified the +7 ice dragon scales of Mysticism {-Tele rF-
                  | rC++ Dex+7}
 10747 | Lair:2   | Reached skill level 17 in Fighting
 10996 | Lair:2   | Reached ****** piety under Jiyva
 11451 | Lair:3   | Found a staircase to the Shoals.
 11463 | Lair:3   | Found a hole to the Spider Nest.
 11489 | Lair:3   | Reached skill level 18 in Fighting
 11613 | Lair:3   | Lost mutation: You are completely covered in iridescent
                  | scales. (AC +6) [Jiyva's grace]
 11613 | Lair:3   | Lost mutation: You have an unnaturally thin skeletal
                  | structure. (Dex +6, Stealth+++) [Jiyva's grace]
 11613 | Lair:3   | Lost mutation: You have a moderately thin skeletal
                  | structure. (Dex +4, Stealth++) [Jiyva's grace]
 11613 | Lair:3   | Lost mutation: You passively dampen the noise of your
                  | surroundings. [Jiyva's grace]
 11613 | Lair:3   | Gained mutation: You are covered in slimy tendrils that may
                  | disarm your opponents. [Jiyva's grace]
 11613 | Lair:3   | Gained mutation: Your melee attacks may engulf your foes in
                  | ooze. [Jiyva's grace]
 11613 | Lair:3   | Gained mutation: You are agile. (Dex +4, Str/Int -1)
                  | [Jiyva's grace]
 11613 | Lair:3   | Gained mutation: You are very agile. (Dex +8, Str/Int -2)
                  | [Jiyva's grace]
 11615 | Lair:3   | Found a bloodstained altar of Trog.
 11615 | Lair:3   | Noticed LaMa's ghost (journeyman DrTm)
 11639 | Lair:3   | Found a transporter.
 11641 | Lair:3   | Found a transporter.
 11737 | Lair:3   | Got Ciunoq's Handbook of Quantum Shadows
 12330 | Lair:4   | Reached skill level 19 in Fighting
 12586 | Lair:4   | Reached XP level 14. HP: 166/172 MP: 11/20
 12696 | Lair:4   | Reached skill level 20 in Fighting
 12820 | Lair:4   | Gained mutation: You have acidic saliva. [Jiyva's grace]
 12820 | Lair:4   | Gained mutation: You are robust. (+10% HP) [Jiyva's grace]
 12820 | Lair:4   | Gained mutation: You are very robust. (+20% HP) [Jiyva's
                  | grace]
 12820 | Lair:4   | Gained mutation: You are extremely robust. (+30% HP)
                  | [Jiyva's grace]
 13333 | Lair:5   | Entered Level 5 of the Lair of Beasts
 13433 | Lair:5   | Reached skill level 21 in Fighting
 13506 | Lair:5   | Identified the ring of Xom's Capriciousness {EV+5 Dex+3}
 13618 | Lair:5   | Reached skill level 22 in Fighting
 13846 | Lair:5   | Found a staircase to the Slime Pits.
 13846 | Lair:5   | Found a viscous altar of Jiyva.
 14364 | Slime:1  | Entered Level 1 of the Pits of Slime
 14364 | Slime:1  | Noticed an azure jelly
 14366 | Slime:1  | Noticed a rockslime
 14413 | Slime:1  | Noticed an acid blob
 14418 | Slime:1  | Noticed an acid blob
 14483 | Slime:1  | Noticed an acid blob
 14483 | Slime:1  | Noticed a quicksilver ooze
 14823 | D:6      | Bought a scroll of identify for 26 gold pieces
 14823 | D:6      | Bought 3 scrolls of enchant weapon for 292 gold pieces
 14823 | D:6      | Bought a scroll of identify for 26 gold pieces
 14823 | D:6      | Bought a scroll of magic mapping for 97 gold pieces
 14823 | D:6      | Bought a scroll of identify for 26 gold pieces
 15066 | Slime:2  | Noticed an acid blob
 15078 | Slime:2  | Noticed an azure jelly
 15085 | Slime:2  | Noticed an acid blob
 15086 | Slime:2  | Noticed an acid blob
 15138 | Slime:2  | Noticed a quicksilver ooze
 15151 | Slime:2  | Noticed an azure jelly
 15234 | Slime:2  | Noticed an azure jelly
 15245 | Slime:1  | Noticed an azure jelly
 15245 | Slime:1  | Noticed a rockslime
 15281 | Slime:1  | Noticed a quicksilver ooze
 15360 | Slime:3  | Noticed an azure jelly
 15364 | Slime:3  | Noticed a rockslime
 15382 | Slime:5  | Entered Level 5 of the Pits of Slime
 15382 | Slime:5  | Noticed an acid blob
 15382 | Slime:5  | Noticed an acid blob
 15389 | Slime:5  | Noticed a quicksilver ooze
 15397 | Slime:5  | Found a viscous altar of Jiyva.
 15397 | Slime:5  | Noticed an acid blob
 15398 | Slime:5  | Noticed the Royal Jelly
 15399 | Slime:5  | Noticed a quicksilver ooze
 15399 | Slime:5  | Noticed an acid blob
 15400 | Slime:5  | Found the ring of the Octopus King
 15400 | Slime:5  | Noticed an acid blob
 15401 | Slime:5  | Noticed a rockslime
 15402 | Slime:5  | Noticed a rockslime
 15404 | Slime:5  | Noticed an acid blob
 15412 | Slime:5  | Got the Tome of Stormy Hexes
 15422 | Slime:5  | Got a slimy rune of Zot
 15423 | Slime:5  | Identified a ring of the Octopus King {rCorr HP+2 AC+2 EV+2
                  | SH+2}
 15426 | Slime:5  | Identified the +0 pair of gloves "Giogrug" {MP+9 Int+3}
 15434 | Slime:5  | Identified the +2 spear of Exquisite Torment {heavy, rCorr}
 15443 | Slime:5  | Identified the staff of poison "Ereoss" {rPois Str+3}
 15463 | Slime:5  | Noticed a rockslime
 15604 | Slime:4  | Noticed an azure jelly
 15619 | Slime:3  | Noticed a quicksilver ooze
 15619 | Slime:3  | Noticed an azure jelly
 15918 | Orc:1    | Entered Level 1 of the Orcish Mines
 16054 | Orc:2    | Entered Level 2 of the Orcish Mines
 16165 | Orc:2    | Found a staircase to the Elven Halls.
 16240 | Orc:2    | Lost mutation: You are mostly covered in iridescent scales.
                  | (AC +4) [Jiyva's grace]
 16240 | Orc:2    | Gained mutation: Your translucent skin slightly reduces
                  | your foes' accuracy. (Stealth+) [Jiyva's grace]
 16240 | Orc:2    | Gained mutation: Your translucent skin reduces your foes'
                  | accuracy. (Stealth+) [Jiyva's grace]
 16240 | Orc:2    | Gained mutation: Your transparent skin significantly
                  | reduces your foes' accuracy. (Stealth+) [Jiyva's grace]
 16240 | Orc:2    | Gained mutation: You have a small jelly attached to you
                  | that senses nearby items. [Jiyva's grace]
 16319 | Orc:2    | Found a radiant altar of Vehumet.
 16343 | Orc:2    | Found Suxubeur's Antique Armour Boutique.
 16350 | Orc:2    | Noticed Nergalle
 16357 | Orc:2    | Killed Nergalle
 16358 | Orc:2    | Reached XP level 15. HP: 216/237 MP: 12/21
 16366 | Orc:2    | Found an ancient bone altar of Kikubaaqudgha.
 16376 | Orc:2    | Found Siaxouli's Distillery.
 16386 | Orc:2    | Found Ydiosk's Book Shop.
 16395 | Orc:2    | Found Ziplag's Magic Scroll Shop.
 16647 | Orc:2    | Bought a scroll of fog for 56 gold pieces
 16647 | Orc:2    | Bought a scroll of identify for 28 gold pieces
 16657 | Orc:2    | Bought 2 potions of brilliance for 120 gold pieces
 16657 | Orc:2    | Bought a potion of lignification for 45 gold pieces
 17118 | Orc:1    | Identified the +1 hat "Naennoxaak" {Rampage Drain Will+
                  | Dex+3}
 17630 | D:12     | Found a runed translucent door.
 17635 | D:12     | Noticed Almogavar's ghost (journeyman GnWn)
 18037 | D:12     | Killed Almogavar's ghost
 18377 | D:13     | Found Tojalur's Assorted Antiques.
 18388 | D:13     | Found Vaycibry's Distillery.
 18534 | D:13     | Reached skill level 10 in Throwing
 18707 | D:13     | Found Juaj's Antique Armour Shop.
 18767 | D:13     | Lost mutation: You are extremely robust. (+30% HP) [Jiyva's
                  | grace]
 18767 | D:13     | Lost mutation: You have a small jelly attached to you that
                  | senses nearby items. [Jiyva's grace]
 18767 | D:13     | Gained mutation: Your muscles are strong. (Str +4, Int/Dex
                  | -1) [Jiyva's grace]
 18767 | D:13     | Gained mutation: Your muscles are very strong. (Str +8,
                  | Int/Dex -2) [Jiyva's grace]
 18767 | D:13     | Gained mutation: Armour fits poorly on your pseudopods.
                  | [Jiyva's grace]
 18767 | D:13     | Gained mutation: Armour fits poorly on your large
                  | pseudopods. [Jiyva's grace]
 19701 | D:14     | Found a gate to the Vaults.
 19729 | D:14     | Noticed Agnes
 19744 | D:14     | Killed Agnes
 20115 | D:14     | Found Exal's Antique Weapon Boutique.
 20131 | D:14     | Found a broken altar of Ashenzari.
 20134 | D:14     | Found a runed translucent door.
 20289 | D:14     | Identified the +1 chain mail "Xitret" {Harm rF+ rN+ Will+
                  | Str-5}
 20468 | D:15     | Entered Level 15 of the Dungeon
 20531 | D:15     | Lost mutation: You are partially covered in iridescent
                  | scales. (AC +2) [Jiyva's grace]
 20531 | D:15     | Lost mutation: You have a somewhat thin skeletal structure.
                  | (Dex +2, Stealth+) [Jiyva's grace]
 20531 | D:15     | Lost mutation: You are very agile. (Dex +8, Str/Int -2)
                  | [Jiyva's grace]
 20531 | D:15     | Lost mutation: Your muscles are very strong. (Str +8,
                  | Int/Dex -2) [Jiyva's grace]
 20531 | D:15     | Lost mutation: Your transparent skin significantly reduces
                  | your foes' accuracy. (Stealth+) [Jiyva's grace]
 20531 | D:15     | Gained mutation: Your body has grown eyes which may confuse
                  | attackers. (Acc +3) [Jiyva's grace]
 20531 | D:15     | Gained mutation: Your body has grown many eyes which may
                  | confuse attackers. (Acc +5) [Jiyva's grace]
 20531 | D:15     | Gained mutation: Your body is covered in eyes which may
                  | confuse attackers. (Acc +7, SInv) [Jiyva's grace]
 20531 | D:15     | Gained mutation: Your natural rate of healing is unusually
                  | fast. [Jiyva's grace]
 20559 | D:15     | Reached XP level 16. HP: 236/240 MP: 13/22
 20869 | D:15     | Found a glowing golden altar of the Shining One.
 21076 | D:15     | Found a staircase to the Depths.
 21268 | D:15     | Found Puful's Armour Emporium.
 21533 | Elf:1    | Entered Level 1 of the Elven Halls
 21855 | Elf:1    | Found a runed translucent gate.
 21855 | Elf:1    | Found a runed translucent gate.
 21855 | Elf:1    | Found a runed translucent gate.
 21858 | Elf:1    | Noticed tykejmi's ghost (journeyman MiBe)
 21884 | Elf:1    | Killed tykejmi's ghost
 21885 | Elf:1    | Reached skill level 15 in Maces & Flails
 21935 | Elf:1    | Found Zafuh's Weapon Boutique.
 21953 | Elf:1    | Found Liequdghi's General Store.
 21956 | Elf:1    | Found Kepuvef's Specific Store.
 21989 | Elf:1    | Lost mutation: You are agile. (Dex +4, Str/Int -1) [Jiyva's
                  | grace]
 21989 | Elf:1    | Lost mutation: Your body is covered in eyes which may
                  | confuse attackers. (Acc +7, SInv) [Jiyva's grace]
 21989 | Elf:1    | Gained mutation: You have large cloven feet. [Jiyva's
                  | grace]
 21989 | Elf:1    | Gained mutation: You have hoof-like feet. [Jiyva's grace]
 21989 | Elf:1    | Gained mutation: You have hooves in place of feet. [Jiyva's
                  | grace]
 21989 | Elf:1    | Gained mutation: You are strong-willed. (Will+) [Jiyva's
                  | grace]
 22178 | Elf:1    | Got Zyad's Handbook of Assembled Violence
 22688 | Elf:2    | Found a runed translucent gate.
 22689 | Elf:2    | Found a runed translucent gate.
 22691 | Elf:2    | Found a runed translucent gate.
 22746 | Elf:2    | Noticed Saint Roka
 22762 | Elf:2    | Killed Saint Roka
 22763 | Elf:2    | Reached XP level 17. HP: 110/249 MP: 14/23
 22793 | Elf:2    | Noticed a deep elf blademaster
 22803 | Elf:2    | Killed a deep elf blademaster
 22815 | Elf:2    | Mangled by a +3 glaive of pain

Illustrated notes

Levels and vault maps discovered:
D:1:      dpeg_arrival_rhombi, layout_rooms, shapermc_ecumenical_altar_petra
D:2:      layout_basic, serial_rivers, chequers_serial_rivers_micro_b,
          chequers_serial_rivers_room_b, chequers_serial_rivers_small_a,
          chequers_serial_rivers_room_a, chequers_serial_rivers_room_b,
          chequers_serial_rivers_small_3, lemuel_flame_loot_1
D:3:      layout_basic, nicolae_kikubaaqudgha_miasma_corner, lemuel_tele_altar,
          corner_web_ring
D:4:      layout_loops_ring, minmay_temple_entry_fiery,
          lightli_ossuary_entry_decrepit_ruins, serial_shops, shop
D:5:      layout_basic, grunt_dithmenos_shadows, portal_sewer_entry_f,
          uniq_pikel
D:6:      layout_basic, led_sif_book, mainiacjoe_overflow_24_doors,
          serial_shops, nicolae_shop_behind_doors,
          nicolae_shop_overgrown_old_shop, shop, shop
D:7:      layout_basic, mainiacjoe_overflow_paths, uniq_menkaure, uniq_maggie
D:8:      layout_cave_pods, minmay_gold_behind_fungi
D:9:      layout_stronghold, orc_0_dummy, grunt_ogre_cave, minmay_radiant
D:10:     layout_basic, nicolae_overflow_squiral,
          grunt_temple_overflow_opulence, dpeg_lair_monsters,
          minmay_shattered_shrine
D:11:     layout_gridville
D:12:     layout_cave_pods, ebering_ghost_reflecting_pool
D:13:     layout_roguey, serial_co_window_serial, co_window_cross_1,
          co_window_of_opportunity_a, co_window_of_opportunity_a,
          co_window_of_opportunity_a, co_window_of_opportunity_a,
          co_window_broadway_a, co_window_of_opportunity_c,
          co_window_broadway_c, co_window_broadway_c, co_window_paths_d,
          co_window_4corner_b, glass_columns_a, glass_columns_b, serial_shops,
          shop, nicolae_shop_competitors_out_of_business,
          nicolae_take_the_stairs, nicolae_splish_splash
D:14:     layout_stronghold, ximxim_vaults_locker_room,
          ashenzari_conservatory_becter, nicolae_stop_n_shop_2, nrook_uturn,
          minmay_st_funbox, uniq_agnes
D:15:     hangedman_depths_entry_try_elsewhere_first, layout_grid_maze,
          nicolae_tso_carved_into_rock, serial_shops, shop
Lair:1:   layout_cave_shapes, gauntlet_entry_generic,
          nicolae_volcano_entry_two_sided, uniq_erica
Lair:2:   layout_cave_shapes, portal_ice_cave_rime, lemuel_fruit_tree
Lair:3:   layout_gridlike, nicolae_shoals_entry_roost, spider_nest_entry_webs,
          gammafunk_ghost_wrathful_warriors
Lair:4:   layout_regular_city, wad_woods_road_04
Lair:5:   minmay_lair_end_frog_pond, layout_regular_city, slime_entry_1,
          st_stairs_4, lemuel_old_faithful
Slime:1:  layout_caves
Slime:2:  layout_caves, nicolae_slime_crime_time
Slime:3:  layout_caves
Slime:4:  layout_caves
Slime:5
Orc:1:    layout_caves, hangedman_minor_magic
Orc:2:    kennysheep_orc_mage_school, layout_diamond_mine, basic_altar
Elf:1:    layout_gridlike, ebering_ghost_rock_garden, serial_shops, shop,
          minmay_elf_sorcery, nicolae_specific_store
Elf:2:    elven_hall_of_blades_hangedman_original [mumra_blade_entry_bloodbath],
          layout_gridlike, uniq_louise, uniq_saint_roka

Skill      XL: |  1  2  3  4  5  6  7  8  9 10 11 12 13 14 15 16 |
---------------+-------------------------------------------------+-----
Fighting       | 3 4 5 7 8 10 11 12 14 19 22 | 22.0
Maces & Flails | 3 4 6 9 12 13 16 | 16.0
Dodging        | 3 5 6 8 |  8.9
Throwing       | 3 4 6 7 8 9 11 12 | 12.0
Armour         | 3 6 7 8 |  8.7
Evocations     | 3 |  3.0
Spellcasting   | 4 |  4.0

Action                     |  1- 3 |  4- 6 |  7- 9 | 10-12 | 13-15 | 16-18 || total
---------------------------+-------+-------+-------+-------+-------+-------++-------
  Melee: Flail             |   107 |    81 |   292 |       |       |       ||   480
         Punch             |     1 |     1 |     5 |     2 |    11 |     3 ||    23
         Morningstar       |       |       |     4 |   263 |   794 |   169 ||  1230
         Bite              |       |       |       |       |    68 |    28 ||    96
         Pseudopods        |       |       |       |       |    34 |    43 ||    77
         Kick              |       |       |       |       |       |    25 ||    25
  Throw: Stone             |     4 |       |       |       |       |       ||     4
         Boomerang         |       |       |     7 |    25 |    10 |     5 ||    47
 Invoke: Oozemancy         |       |       |     7 |     4 |     6 |     5 ||    22
    Use: Scroll            |       |       |     6 |     3 |    10 |     3 ||    22
         Potion            |       |       |     4 |     2 |     1 |     2 ||     9
   Stab: Held in net/web   |     1 |       |       |       |       |       ||     1
         Sleeping          |       |       |       |       |     8 |     3 ||    11
         Distracted        |       |       |       |       |     1 |     1 ||     2
         Confused          |       |       |       |       |       |     4 ||     4
         Invisible         |       |       |       |       |       |     5 ||     5
 Armour: Robe              |    21 |    12 |    52 |       |     3 |       ||    88
         Swamp dragon scal |       |       |    94 |   283 |   622 |    22 ||  1021
  Dodge: Dodged            |    58 |    35 |   182 |   214 |  1017 |   109 ||  1615
  Block: Other             |     3 |    17 |    81 |   124 |   316 |    20 ||   561
         Reflection        |       |       |     1 |     5 |     1 |     9 ||    16
         Kite shield       |       |       |       |       |       |    48 ||    48
